Map: Tokamak LE

Players

ILUKerrigan - Winner!

  • Race: Zerg Zerg
  • Spawn Location: 1:00

VOD

Have the link to the VOD?

Description

Time

  • Played on: May 21, 2025, 5:59 a.m.
  • Length: 14:45
Show
View Real Time Build Order
Export as new Build Order

ILUKerrigan Zerg - Winner!

Build Orders:  

Get SALT Encoding   

  12  0:07  Drone  
  13  0:13  Drone  
  14  0:25  Overlord  
  14  0:52  Drone x2  
  14  0:55  Drone  
  17  1:09  Drone  
  18  1:19  Hatchery  
  17  1:27  Drone  
  18  1:43  Spawning Pool  
  18  1:47  Extractor  
  16  1:53  Drone x2  
  18  2:09  Drone  
  19  2:27  Drone  
  20  2:47  Drone, Extractor  
  20  2:50  Queen  
  20  2:59  Queen  
  24  3:02  Drone x2  
  26  3:22  Drone  
  26  3:23  Drone  
  26  3:27  Overlord  
  28  3:52  Overlord  
  28  3:58  Drone  
  28  3:59  Drone x2  
  31  4:10  Zergling x2  
  31  4:14  Zergling x2  
  33  4:20  Drone  
  34  4:53  Drone  
  34  4:55  Drone  
  34  4:56  Drone x6  
  42  5:06  Overlord  
  42  5:17  Drone  
  42  5:19  Drone  
  44  5:38  Overlord  
  44  5:39  Overlord  
  44  5:47  Hatchery  
  43  5:51  Drone  
  43  5:59  Metabolic Boost  
  44  6:05  Drone  
  44  6:08  Overlord x2  
  45  6:11  Queen  
  47  6:24  Drone  
  47  6:25  Drone  
  49  6:31  Evolution Chamber x2  
  49  6:33  Lair  
  47  6:52  Roach Warren  
  46  7:12  Zergling x4  
  48  7:25  Drone  
  49  7:30  Queen  
  49  7:32  Drone  
  49  7:33  Drone x9  
  61  7:45  Overlord  
  61  7:46  Overlord  
  57  8:03  Zergling x2  
  57  8:04  Zergling x10  
  63  8:21  Zergling x4  
  63  8:22  Zergling x6  
  64  8:41  Queen  
  64  8:44  Zerg Melee Weapons Level 1  
  64  8:45  Zerg Ground Armor Level 1  
  64  8:47  Roach  
  64  8:48  Roach x6  
  77  8:54  Drone  
  77  9:08  Overlord x3  
  77  9:15  Drone x2  
  77  9:16  Drone  
  80  9:37  Queen  
  82  9:44  Roach  
  82  9:48  Glial Reconstitution  
  84  9:57  Drone  
  85  10:00  Queen  
  85  10:02  Unknown  
  87  10:20  Drone  
  87  10:23  Roach x2  
  87  10:24  Roach x3  
  98  10:35  Overlord, Overseer  
  98  10:39  Drone  
  99  10:41  Drone  
  99  10:48  Extractor  
  66  10:50  Drone x3  
  99  10:51  Drone x3  
  99  10:53  Extractor  
  99  10:58  Overlord x3  
  104  11:06  Infestation Pit  
  103  11:12  Hydralisk Den  
  101  11:32  Unknown  
  101  11:34  Roach  
  101  11:35  Roach x11  
  101  11:36  Roach  
  133  12:12  Unknown  
  127  12:20  Overlord x2  
  127  12:21  Overlord  
  127  12:31  Roach  
  127  12:32  Roach  
  127  12:35  Overseer  
  131  13:11  Hatchery  
  136  13:50  Drone  
  136  13:51  Drone  
  136  13:54  Drone  
  135  14:26  Drone  
  135  14:27  Drone x6  
  135  14:28  Drone x4  
Tags
 
Matchup
Co-op
Add a new tag
Caveats
  • Supply blocks, unpowered buildings, or Contaminate may cause inaccurate times.
  • Supply counts are checked every 10 seconds.